 Dungeon Crawl Stone Soup version 0.30-b1-2-g02819fbbbe (webtiles) character file.

Game seed: 2313172224943809291

293620 seren the Spry (level 21, -11/152 HPs)
             Began as a Djinni Fire Elementalist on Dec 30, 2023.
             Was the Champion of Elyvilon.
             Mangled by Mennas
             ... wielding a +5 trishula of holy wrath
              (13 damage)
             ... on level 2 of the Vaults on Jan 4, 2024.
             The game lasted 06:56:09 (70494 turns).

seren the Spry (Djinni Fire Elementalist)          Turns: 70494, Time: 06:56:10

Health: -11/152    AC:  9    Str:  7    XL:     21   Next: 72%
Gold:   2963       EV: 24    Int: 33    God:    Elyvilon [******] SH:  9 Dex: 21

rFire   + + +        z - staff of cold
rCold   + + +        F - +2 buckler {rC+}
rNeg    + . .        y - +2 robe of the Villain {rC+ Str-4 Int+3 Archmagi}
rPois   ∞            A - -2 hat of the Alchemist {rElec rPois rF+ rC+ rN+ Will+ rMut rCorr}
rElec   +            K - +2 cloak {Will+}
rCorr   +            o - +1 pair of gloves
SInv    +            (boots unavailable)
Will    ++++.        g - amulet "Roly" {Spirit +Inv rC+ Int+4 Stlth+}
Stlth   ++           q - ring of see invisible
HPRegen 0.45/turn    a - ring "Bici Josh" {Wiz Str+4 Dex+5}
MPRegen 0.00/turn

%: resist mutation, guardian spirit, wizardry (x1), archmagi, infuse magic (-12
HP)
@: flying, glowing, silenced
A: sickness immunity, fire resistance 2, cold vulnerability 1, float, innate
caster, HP casting, extra vitality 1
}: 2/15 runes: decaying, serpentine
a: Renounce Religion, Evoke Invisibility


You were on level 2 of the Vaults.
You worshipped Elyvilon.
Elyvilon was exalted by your worship.
You visited 7 branches of the dungeon, and saw 33 of its levels.
You also visited: Ice Cave, Volcano and Desolation.

You collected 3838 gold pieces.
You spent 875 gold pieces at shops.

Inventory:

Hand Weapons
 D - the +10 dagger of Ownonkisu {holy, rPois rF+ Str+5}
   (You found it on level 3 of the Snake Pit)

   Str:       It affects your strength (+5).
   rF:        It protects you from fire.
   rPois:     It protects you from poison.
 H - a +2 spectral quarterstaff
 T - a +3 dagger of protection
 Y - a +0 long sword of holy wrath
Missiles
 N - a throwing net
Armour
 o - a +1 pair of gloves (worn)
 y - the +2 robe of the Villain (worn) {rC+ Str-4 Int+3 Archmagi}
   (You took it off a meliai on level 12 of the Dungeon)

   Str:       It affects your strength (-4).
   Int:       It affects your intelligence (+3).
   rC:        It protects you from cold.
   Archmagi:  It increases the power of your magical spells.
 A - the -2 hat of the Alchemist (worn) {rElec rPois rF+ rC+ rN+ Will+ rMut rCorr}
   (You bought it in a shop on level 2 of the Orcish Mines)

   rF:        It protects you from fire.
   rC:        It protects you from cold.
   rElec:     It insulates you from electricity.
   rPois:     It protects you from poison.
   rN:        It protects you from negative energy.
   rCorr:     It protects you from acid and corrosion.
   rMut:      It protects you from mutation.
   Will:      It increases your willpower.
 F - a +2 buckler of cold resistance (worn)
 K - a +2 cloak of willpower (worn)
Magical Staves
 z - a staff of cold (weapon)
Jewellery
 a - the ring "Bici Josh" (right hand) {Wiz Str+4 Dex+5}
   (You acquired it on level 2 of the Lair of Beasts)

   [ring of wizardry]

   It improves your spell success rate.
   Str:       It affects your strength (+4).
   Dex:       It affects your dexterity (+5).
 b - a +5 ring of evasion
 g - the amulet "Roly" (around neck) {Spirit +Inv rC+ Int+4 Stlth+}
   (You found it in the Desolation of Salt)

   [amulet of guardian spirit]

   It causes incoming damage to be divided between your reserves of health and
   magic.
   Int:       It affects your intelligence (+4).
   rC:        It protects you from cold.
   +Inv:      It lets you turn invisible.
   Stlth:     It makes you more stealthy.
 h - an amulet of the acrobat
 i - a ring of protection from cold
 q - a ring of see invisible (left hand)
 I - a ring of positive energy
 W - an amulet of reflection
Wands
 e - a wand of mindburst (6)
 n - a wand of flame (22)
 p - a wand of iceblast (25)
 G - a wand of charming (32)
 U - a wand of light (12)
Scrolls
 d - 5 scrolls of poison
 j - 8 scrolls of teleportation
 s - 7 scrolls of fear
 w - 4 scrolls of enchant armour
 C - 5 scrolls of fog
 E - 2 scrolls of butterflies
 M - 10 scrolls of identify
 P - a scroll of enchant weapon
 R - a scroll of blinking
 X - a scroll of brand weapon
 Z - a scroll of magic mapping
Potions
 c - 6 potions of lignification
 f - 9 potions of mutation
 k - a potion of ambrosia
 m - 4 potions of haste
 r - 6 potions of heal wounds
 t - 2 potions of might
 u - 16 potions of curing
 v - 3 potions of berserk rage
 x - a potion of cancellation
 B - 2 potions of brilliance
 L - 3 potions of resistance
 V - a potion of invisibility
Miscellaneous
 l - a condenser vane
 J - a box of beasts (inert)
 O - a phantom mirror (inert)
 Q - a piece from Xom's chessboard (15/15)
 S - a phial of floods


   Skills:
 - Level 14.0 Fighting
 - Level 9.1 Staves
 - Level 15.0 Armour
 - Level 16.0 Dodging
 - Level 6.0 Stealth
 - Level 10.0 Shields
 - Level 12.0 Unarmed Combat
 + Level 15.2 Spellcasting
 + Level 9.2 Invocations
 + Level 9.7 Evocations


You knew the following spells:

 Your Spells              Type           Power      Damage    Failure   Level
a - Foxfire               Conj/Fire      100%       2x1d9     0%          1
b - Scorch                Fire           100%       2d9       0%          2
c - Volatile Blastmotes   Fire/Tloc      100%       2d18      0%          3
d - Dragon Form           Tmut           56%        N/A       1%          7
e - Flame Wave            Conj/Fire      100%       2d21      1%          4
f - Necrotise             Necr           100%       1d9       0%          1
g - Blink                 Tloc           100%       N/A       0%          2
h - Stone Arrow           Conj/Erth      100%       3d13      0%          3
i - Summon Ice Beast      Ice/Summ       100%       N/A       1%          4
j - Iskenderun's Mystic   Conj/Tloc      100%       2d19      1%          4
k - Statue Form           Tmut/Erth      74%        N/A       1%          6
l - Lee's Rapid Deconstr  Erth           56%        3d26*     1%          5
n - Inner Flame           Hex/Fire       100%       N/A       0%          3
o - Ozocubu's Refrigerat  Ice            68%        4d22      1%          7
s - Storm Form            Tmut/Air       56%        N/A       1%          7
Your spell library was empty.

Dungeon Overview and Level Annotations

Branches:
Dungeon (15/15)            Temple (1/1) D:6            Lair (5/5) D:10
  Swamp (4/4) Lair:2        Snake (4/4) Lair:3        Slime (0/5) Lair:4
    Orc (2/2) D:11            Elf (0/3) Orc:2        Vaults (2/5) D:14
  Crypt (0/3) Vaults:2      IceCv (visited)         Volcano (visited)
Desolation (visited)
 Depths: D:15

Altars:
Ashenzari
Cheibriados
Dithmenos
Elyvilon
Fedhas
Gozag
Hepliaklqana
Makhleb
Nemelex Xobeh
Okawaru
Qazlal
Ru
Trog
Uskayaw
Wu Jian
Xom
Yredelemnul
Zin
The Shining One
Jiyva

Shops:
D:5 !   D:8 [   D:12 (   D:13 !   Orc:2 ([*[   Snake:2 (   Vaults:1 *

Annotations:
D:10 2 transporters, exclusion: 2 downstairs, yogakurto's ghost, journeyman TrCA
D:13 3 runed translucent doors, Zafagom's ghost, journeyman MiBe
D:14 exclusions: 3 boggarts, boulder beetle and manticore
Snake:4 Bai Suzhen
Vaults:2 Mennas


Innate Abilities, Weirdness & Mutations

You are immune to sickness and miasma.
You are immune to poison.
Your flesh is very heat resistant. (rF++)
You are vulnerable to cold. (rC-)
You float through the air rather than walking.
You learn spells naturally, not from books.
Your magical power is your life essence.
You have superior vitality. (+4 MHP)


Message History

As you read the scroll of blinking, it crumbles to dust.
Mennas gestures frantically.
You resist with almost no effort.
Mennas gestures frantically.
Mennas's surroundings become eerily quiet.
There is a broken door here.
Mennas enters a dispersal trap!
You blink.
Mennas blinks!
The centaur warrior shoots an arrow.
The arrow barely misses you.
The centaur warrior shoots an arrow.
You block the arrow.
The centaur warrior shoots an arrow.
The arrow barely misses you.
The centaur warrior shoots an arrow.
The arrow closely misses you.
Mennas hits you from afar with a +5 trishula of holy wrath!!
* * * LOW HITPOINT WARNING * * *
Mennas hits you from afar with a +5 trishula of holy wrath!
* * * LOW HITPOINT WARNING * * *
There is a broken door here.
You are backlit; invisibility will do you no good right now; use anyway?
Okay, then.
You feel much better.
Mennas hits you from afar with a +5 trishula of holy wrath!
* * * LOW HITPOINT WARNING * * *
Mennas hits you from afar with a +5 trishula of holy wrath!
* * * LOW HITPOINT WARNING * * *
The centaur warrior enters a dispersal trap!
Mennas blinks!
You blink.
The centaur warrior blinks!
You open the lid... ...and a mature oxbat beast flies out!
The box is emptied!
Mennas completely misses you. You block Mennas's attack.
The centaur warrior shoots an arrow.
The arrow hits you!!
* * * LOW HITPOINT WARNING * * *
Mennas hits you from afar with a +5 trishula of holy wrath!!
Elyvilon protects you from harm! You block Mennas's attack.
The centaur warrior shoots an arrow.
The arrow misses you.
Your mature oxbat beast hits Mennas but does no damage.
Mennas blocks your mature oxbat beast's attack.
Mennas closely misses you. Mennas barely misses you.
The centaur warrior shoots an arrow.
The arrow closely misses you.
Okay, then.
Mennas hits you from afar with a +5 trishula of holy wrath!
You die...

#......# #.... #......# #(...
#.).A..# #.... #......# #....
#.>.§..# #.... #...A..# ####'
############ #......# #..
.)..)....).##########'##### ##.
########.#.#....@......# ##.
.......#)#.#.#A..#...#.# #..
####.###.#.'.H..^......# ##.
.#.#.#..[#.#...#...#...# ##.
.#.#.#####.#.......c...# #..
...#.......#.#...>...#.#########.
##.#.#####.#...........#......##.
...#.#...#.#...#...#...#......'..
####.#.###.#...........#......###


You could see Mennas (silencing, ally target), a centaur warrior and a friendly
mature oxbat beast (summoned).

Vanquished Creatures
  Roxanne (Swamp:3)
  16 nagarajas
  3 frost giants
  A fenstrider witch (Swamp:2)
  A vault warden (Vaults:1)
  3 imperial myrmidons (Desolation)
  A hydra zombie (Swamp:4)
  5 ironbound preservers
  3 ghouls
  A war gargoyle (Vaults:1)
  3 vampire knights
  3 halazid warlocks (Desolation)
  2 eleionomae (Swamp:4)
  An eleionoma (shapeshifter) (D:14)
  8 bunyips
  A white draconian (IceCv)
  8 dire elephants (Vaults:1)
  An ettin (D:15)
  5 shambling mangroves
  Josephine (D:13)
  11 ragged hierophants (Desolation)
  2 yaktaur captains (Vaults:2)
  The ghost of Stirner the Unseen, a journeyman SpEn of Wu Jian (Orc:1)
  4 entropy weavers
  4 great orbs of eyes
  7 ice dragons (IceCv)
  11 hydras
  A rakshasa (D:12)
  6 servants of whispers (Desolation)
  4 peacekeepers
  4 salamander tyrants
  2 boulder beetles
  11 ironbound frosthearts
  2 ghost crabs
  5 centaur warriors
  8 two-headed ogres
  17 naga warriors
  11 anacondas
  A death yak (Lair:5)
  2 tengu warriors
  4 alligators
  The ghost of nullcheck the Destroyer, a novice GnCj of Vehumet (D:8)
  3 orc high priests (Orc:2)
  19 naga sharpshooters
  4 shock serpents
  Sonja (Lair:5)
  Nergalle (Lair:1)
  An iron troll (D:14)
  A skyshark (Lair:4)
  4 salamander mystics
  6 swamp dragons
  2 flayed ghosts (Swamp:4)
  5 goliath frogs
  14 deep trolls
  9 naga ritualists
  7 wizards
  A death drake (Swamp:4)
  2 bog bodies
  3 spectral hydras (Swamp:4)
  2 spriggan druids
  2 necromancers
  Pikel (D:5)
  An orange crystal statue (IceCv)
  7 orc knights
  The ghost of Stirner the Covered, a novice AtFi (D:5)
  3 harpies (Vaults:2)
  3 phantasmal warriors
  2 ironbound convokers
  5 lindwurms
  A deep elf zephyrmancer (D:15)
  A will-o-the-wisp (Swamp:3)
  11 mana vipers
  3 deep elf pyromancers
  An oklob plant (Swamp:4)
  28 ugly things
  3 orc sorcerers
  2 manticores
  26 salamanders
  5 cyclopes
  9 elephants
  Maurice (D:9)
  35 black mambas
  6 guardian serpents
  Maggie (Lair:2)
  7 vault sentinels
  2 molten gargoyles (Desolation)
  6 naga magi
  23 cane toads
  3 gargoyles (D:12)
  4 kobold demonologists (D:12)
  7 yaktaurs
  An efreet (D:13)
  4 unseen horrors
  16 rime drakes
  3 komodo dragons
  2 freezing wraiths
  2 death drake zombies (Swamp:4)
  2 tengu conjurers
  4 meliai
  A wandering mushroom (Swamp:4)
  9 tyrant leeches
  3 bloated husks
  15 trolls
  50 saltlings
  17 hornets
  7 polar bears
  2 death drake skeletons (Swamp:4)
  11 blink frogs
  A hydra skeleton (Swamp:4)
  2 culicivoras
  22 slime creatures
  A centaur simulacrum (D:12)
  8 spriggans
  2 vampires
  A shadow (D:12)
  A wyvern (Lair:5)
  26 yaks
  A fire bat (Volcano)
  8 wraiths
  2 steam dragons
  3 redbacks
  16 vampire mosquitoes
  11 swamp worms
  51 nagas
  12 water moccasins
  An acid dragon (D:14)
  3 hydra simulacra (Swamp:4)
  Duvessa (D:7)
  2 hell hounds (Volcano)
  5 swamp drakes
  10 orc warriors
  A swamp dragon zombie (Swamp:4)
  2 sky beasts (D:8)
  2 black bears
  An ice beast (D:5)
  5 boggarts (Vaults:2)
  8 centaurs
  4 ogres
  33 wolves
  4 lemures (D:5)
  5 kobold brigands
  Blork the orc (D:4)
  3 gnoll sergeants
  3 scorpions
  15 bullfrogs
  Dowan (D:7)
  A ballistomycete (Swamp:4)
  7 killer bees
  3 electric eels
  12 howler monkeys
  A centaur skeleton (D:5)
  11 orc priests
  Crazy Yiuf (D:7)
  4 hounds
  3 jellies
  2 bullfrog skeletons (D:5)
  A gnoll bouda (D:8)
  3 iguanas
  3 sleepcaps
  17 orc wizards
  A howler monkey skeleton (D:5)
  18 gnolls
  6 adders
  A shadow imp (D:5)
  An ufetubus (D:5)
  2 worms
  A dart slug (D:2)
  38 orcs
  10 endoplasms
  2 giant cockroaches
  2 goblins
  7 hobgoblins
  3 quokkas (D:3)
  2 ball pythons
  5 bats
  3 frilled lizards
  17 kobolds
  8 rats
  A spectral orc (D:5)
  3 ballistomycete spores (Swamp:4)
  2 butterflies (D:6)
1111 creatures vanquished.

Vanquished Creatures (collateral kills)
  An eleionoma (Lair:2)
  A servant of whispers (Desolation)
  11 hydras
  An anaconda (Snake:1)
  A two-headed ogre (D:9)
  A naga warrior (Snake:1)
  A naga sharpshooter (Snake:1)
  2 spriggan druids
  A swamp dragon (Swamp:2)
  A mana viper (Snake:2)
  An orc sorcerer (Orc:2)
  A manticore (D:14)
  2 ugly things (D:14)
  4 elephants
  A salamander (Volcano)
  2 black mambas (Lair:4)
  A torpor snail (Lair:4)
  A naga mage (Snake:2)
  A rime drake (Lair:2)
  2 cane toads
  A yaktaur (shapeshifter) (D:15)
  3 komodo dragons
  2 trolls
  2 tyrant leeches
  5 blink frogs
  A hydra skeleton (Swamp:4)
  A wyvern (D:9)
  7 yaks
  2 steam dragons
  2 vampire mosquitoes
  A warg (Orc:2)
  2 swamp worms
  A naga (Snake:1)
  6 water moccasins
  5 orc warriors
  2 swamp drakes (Swamp:1)
  A black bear (Lair:1)
  2 ogres
  5 wolves
  4 bullfrogs
  3 orc priests (Orc:2)
  A hound (D:5)
  An iguana (Lair:2)
  4 orc wizards
  8 orcs
  A kobold (D:12)
  A bush (Lair:4)
  2 butterflies (Lair:3)
  A foxfire (Swamp:1)
114 creatures vanquished.

Vanquished Creatures (others)
  An ice dragon (IceCv)
  A two-headed ogre (Volcano)
  A bloated husk (Swamp:2)
  An orc (Orc:2)
  747 foxfires
  46 fungi
  107 plants
904 creatures vanquished.

Grand Total: 2129 creatures vanquished

Notes
Turn   | Place    | Note
-------+----------+-------------------------------------------
     0 | D:1      | seren the Djinni Fire Elementalist began the quest for the
                  | Orb.
     0 | D:1      | seren set off with the following spells memorised: Foxfire,
                  | Scorch, Volatile Blastmotes, Inner Flame, Flame Wave.
     0 | D:1      | Reached XP level 1. HP: 15/15 MP: 0/0
   256 | D:1      | Reached XP level 2. HP: 18/21 MP: 0/0
   985 | D:2      | Reached XP level 3. HP: 15/25 MP: 0/0
   985 | D:2      | Learned a level 1 spell: Necrotise
  1254 | D:2      | Reached skill level 3 in Dodging
  1254 | D:2      | Reached XP level 4. HP: 22/31 MP: 0/0
  2322 | D:3      | Found a hide-covered altar of Uskayaw.
  2804 | D:3      | Found a sparkling altar of Nemelex Xobeh.
  3207 | D:4      | Noticed Blork the orc
  3441 | D:4      | Reached XP level 5. HP: 18/36 MP: 0/0
  3441 | D:4      | Learned a level 2 spell: Blink
  3538 | D:4      | Reached skill level 1 in Fighting
  3940 | D:4      | Reached skill level 1 in Evocations
  3940 | D:4      | Reached XP level 6. HP: 39/42 MP: 0/0
  4041 | D:5      | Entered Level 5 of the Dungeon
  4146 | D:3      | Found a shadowy altar of Dithmenos.
  4146 | D:3      | Found a shimmering altar of Xom.
  4206 | D:5      | Noticed a water moccasin
  4285 | D:4      | Killed a water moccasin
  4286 | D:4      | Reached skill level 4 in Dodging
  4546 | D:4      | Reached XP level 7. HP: 47/49 MP: 0/0
  4546 | D:4      | Learned a level 3 spell: Stone Arrow
  4774 | D:5      | Noticed Pikel
  4848 | D:5      | Found Zuth's Distillery.
  4851 | D:5      | Bought a potion of heal wounds for 75 gold pieces
  4851 | D:5      | Bought a potion of curing for 45 gold pieces
  5403 | D:5      | Found an opulent altar of Gozag.
  5485 | D:5      | Found a basalt altar of Yredelemnul.
  5794 | D:5      | You are sucked into a shaft and drop 2 floors!
  6090 | D:7      | Reached XP level 8. HP: 28/54 MP: 0/0
  6092 | D:7      | Noticed Duvessa
  6277 | D:7      | Noticed a vampire
  6294 | D:6      | Reached skill level 5 in Dodging
  6680 | D:6      | Reached skill level 5 in Spellcasting
  6798 | D:6      | Found a staircase to the Ecumenical Temple.
  6879 | Temple   | Entered the Ecumenical Temple
  7788 | D:4      | Killed Blork the orc
  7920 | D:5      | Killed Pikel
  7921 | D:5      | Reached skill level 5 in Evocations
  7921 | D:5      | Reached XP level 9. HP: 60/60 MP: 0/0
  7921 | D:5      | Learned a level 4 spell: Summon Ice Beast
  8042 | D:5      | Found a runed translucent gate.
  8042 | D:5      | Found a runed translucent gate.
  8042 | D:5      | Found a runed translucent gate.
  8070 | D:5      | Noticed Stirner's ghost (novice AtFi)
  8405 | D:7      | Noticed a troll
  8458 | D:7      | Noticed Dowan
  8459 | D:7      | Killed Duvessa
  8470 | D:7      | Killed Dowan
  9277 | D:8      | Found a transporter.
  9289 | D:8      | Found a transporter.
  9289 | D:8      | Noticed nullcheck's ghost (novice GnCj)
  9461 | D:8      | Found a glowing silver altar of Zin.
  9574 | D:8      | Reached XP level 10. HP: 43/67 MP: 0/0
 10013 | D:8      | Found a sacrificial altar of Ru.
 10028 | D:8      | Found a hazy altar of Hepliaklqana.
 10463 | D:8      | Found a burning altar of Makhleb.
 10463 | D:8      | Noticed a green death
 10531 | D:8      | Found Pestren's Antique Armour Emporium.
 10620 | D:9      | Noticed Maurice
 10868 | D:9      | Reached skill level 5 in Fighting
 11186 | D:9      | Killed Maurice
 11187 | D:9      | Reached skill level 1 in Armour
 11429 | D:9      | Noticed a two-headed ogre
 11444 | D:9      | Killed a two-headed ogre
 11958 | D:9      | Noticed a two-headed ogre
 12180 | D:10     | Entered Level 10 of the Dungeon
 12211 | D:10     | Reached skill level 6 in Dodging
 12220 | D:9      | Reached XP level 11. HP: 58/75 MP: 0/0
 12220 | D:9      | Learned a level 4 spell: Iskenderun's Mystic Blast
 12289 | D:10     | Found a white marble altar of Elyvilon.
 12324 | D:10     | Became a worshipper of Elyvilon the Healer
 12361 | D:10     | Found a staircase to the Lair.
 12537 | Lair:1   | Entered Level 1 of the Lair of Beasts
 12539 | D:10     | Noticed a two-headed ogre
 12544 | D:10     | Killed a two-headed ogre
 12545 | D:10     | Reached skill level 8 in Dodging
 12691 | Lair:1   | Reached skill level 1 in Shields
 12694 | Lair:1   | Reached skill level 1 in Invocations
 13097 | D:10     | Found a transporter.
 13103 | D:10     | Found a bloodstained altar of Trog.
 13103 | D:10     | Noticed a moth of wrath
 13112 | D:10     | Found a transporter.
 13112 | D:10     | Noticed a two-headed ogre
 13112 | D:10     | Noticed a deep troll
 13112 | D:10     | Noticed yogakurto's ghost (journeyman TrCA)
 13118 | D:10     | Reached * piety under Elyvilon
 13121 | D:10     | Noticed a two-headed ogre
 13122 | D:10     | Noticed a two-headed ogre
 13122 | D:10     | Noticed a two-headed ogre
 13410 | D:10     | Noticed a two-headed ogre
 13448 | D:10     | Identified the +0 cloak "Jaraux" {rF+ rC+ Int-3 Dex+5}
 13717 | D:10     | Killed a two-headed ogre
 14237 | D:11     | Noticed a cyclops
 14420 | D:7      | Found a runed translucent door.
 14421 | D:7      | Noticed Crazy Yiuf
 14425 | D:7      | Killed Crazy Yiuf
 15111 | D:11     | Killed a cyclops
 15112 | D:11     | Reached XP level 12. HP: 74/84 MP: 0/0
 15214 | D:11     | Reached skill level 5 in Shields
 15321 | D:11     | Noticed a two-headed ogre
 15329 | D:11     | Killed a two-headed ogre
 15738 | D:11     | Reached ** piety under Elyvilon
 15739 | D:11     | Found a staircase to the Orcish Mines.
 15918 | Orc:1    | Entered Level 1 of the Orcish Mines
 15973 | Orc:2    | Entered Level 2 of the Orcish Mines
 15973 | Orc:2    | Noticed a two-headed ogre
 16131 | Lair:1   | Reached skill level 10 in Spellcasting
 16337 | Lair:1   | Noticed Nergalle
 16722 | Lair:1   | Reached *** piety under Elyvilon
 16870 | Lair:1   | Killed Nergalle
 17774 | Lair:2   | Identified the +1 ring mail of Tanwodepp {rF+ Int+3}
 18000 | Lair:2   | Found an iron altar of Okawaru.
 18374 | Lair:2   | Reached skill level 5 in Stealth
 18565 | Lair:2   | Noticed Maggie
 18745 | Lair:2   | Reached XP level 13. HP: 82/93 MP: 0/0
 18745 | Lair:2   | Learned a level 5 spell: Lee's Rapid Deconstruction
 18861 | Lair:2   | Reached **** piety under Elyvilon
 19003 | Lair:2   | Noticed a five-headed hydra
 19302 | Lair:3   | Found a dark tunnel.
 19311 | Volcano  | Entered a volcano
 19358 | Volcano  | Reached skill level 9 in Dodging
 20703 | Lair:3   | Reached skill level 10 in Dodging
 21192 | Lair:4   | Identified the +0 robe "Deereps" {rF- Str+9 Int+3}
 21273 | Lair:3   | Reached skill level 10 in Fighting
 21321 | Lair:4   | Found a viscous altar of Jiyva.
 21322 | Lair:4   | Found a staircase to the Slime Pits.
 22169 | Lair:4   | Noticed an eight-headed hydra
 22621 | Lair:5   | Entered Level 5 of the Lair of Beasts
 22764 | Lair:5   | Reached ***** piety under Elyvilon
 23510 | Lair:5   | Reached XP level 14. HP: 90/103 MP: 0/0
 24419 | Lair:5   | Noticed Sonja
 24926 | Lair:5   | Killed Sonja
 24983 | Lair:4   | Reached skill level 5 in Invocations
 25352 | Lair:5   | Reached skill level 5 in Armour
 25451 | Lair:4   | Reached skill level 11 in Dodging
 25915 | Lair:5   | Found the +3 pair of mountain boots {steadfast, rC+}
 26972 | Orc:2    | Found a staircase to the Elven Halls.
 28017 | Orc:2    | Reached XP level 15. HP: 91/106 MP: 0/0
 28017 | Orc:2    | Learned a level 6 spell: Statue Form
 28406 | Orc:2    | Found Jiligues's Weapon Shop.
 28406 | Orc:2    | Found Yveuzeag's Armour Shoppe.
 28411 | Orc:2    | Found Kerifouz's Assorted Antiques.
 28411 | Orc:2    | Found Qyecac's Armour Shoppe.
 28422 | Orc:2    | Bought the -2 hat of the Alchemist {rElec rPois rF+ rC+ rN+
                  | Will+ rMut rCorr} for 660 gold pieces
 28422 | Orc:2    | Found the -2 hat of the Alchemist {rElec rPois rF+ rC+ rN+
                  | Will+ rMut rCorr}
 28980 | Orc:2    | Reached skill level 12 in Dodging
 29622 | Orc:1    | Found a large runed translucent door.
 29622 | Orc:1    | Found a large runed translucent door.
 29629 | Orc:1    | Noticed Stirner's ghost (journeyman SpEn)
 30174 | D:5      | Killed Stirner's ghost
 31700 | D:12     | Reached skill level 10 in Shields
 32078 | D:12     | Found Soupn's Antique Weapon Emporium.
 32640 | D:12     | Found a hide-covered altar of Uskayaw.
 32641 | D:12     | Found a shimmering altar of Xom.
 32642 | D:12     | Found a bloodstained altar of Trog.
 32642 | D:12     | Found a shadowy altar of Dithmenos.
 32818 | D:12     | Identified 2 scrolls of acquirement
 32839 | D:12     | Identified the +2 robe of the Villain {rC+ Str-4 Int+3
                  | Archmagi}
 33309 | Lair:2   | Killed Maggie
 33467 | Lair:2   | Found a staircase to the Swamp.
 33522 | Swamp:1  | Entered Level 1 of the Swamp
 33904 | Lair:2   | Acquired a manual of Armour
 35067 | Lair:3   | Found a staircase to the Snake Pit.
 35142 | Snake:1  | Entered Level 1 of the Snake Pit
 35569 | Lair:3   | Reached XP level 16. HP: 96/116 MP: 0/0
 36798 | Snake:1  | Reached ****** piety under Elyvilon
 38816 | D:12     | Reached skill level 10 in Armour
 39575 | D:13     | Noticed Josephine
 39708 | D:13     | Killed Josephine
 39709 | D:13     | Reached skill level 1 in Staves
 39829 | D:13     | Found Herelih's Distillery.
 39837 | D:13     | Bought a potion of heal wounds for 95 gold pieces
 40227 | D:13     | Found a runed translucent gate.
 40227 | D:13     | Found a runed translucent gate.
 40238 | D:13     | Found a runed translucent gate.
 40481 | D:13     | Noticed Zafagom's ghost (journeyman MiBe)
 41978 | Swamp:1  | Reached XP level 17. HP: 72/123 MP: 0/0
 41978 | Swamp:1  | Learned a level 7 spell: Storm Form
 44244 | Swamp:3  | Reached skill level 5 in Staves
 44305 | Swamp:3  | Identified Roxanne's Vellum of Permutations
 44305 | Swamp:3  | Noticed Roxanne
 44646 | Swamp:3  | Found a frozen archway.
 44656 | IceCv    | Entered an ice cave
 44832 | IceCv    | Reached skill level 13 in Dodging
 47105 | Swamp:4  | Entered Level 4 of the Swamp
 47595 | Swamp:4  | Reached XP level 18. HP: 99/130 MP: 0/0
 50141 | D:15     | Entered Level 15 of the Dungeon
 51462 | Lair:1   | Acquired the ring "Bici Josh" {Wiz Str+4 Dex+5}
 51902 | Swamp:4  | Paralysed by a vampire knight for 4 turns
 52337 | Swamp:4  | Reached skill level 14 in Dodging
 52948 | Swamp:3  | Killed Roxanne
 54788 | Swamp:4  | Found a blossoming altar of Fedhas.
 54798 | Swamp:4  | Found a basalt altar of Yredelemnul.
 55660 | Swamp:4  | Elyvilon protects you from harm!
 56310 | Swamp:4  | Got a decaying rune of Zot
 56799 | Snake:2  | Reached XP level 19. HP: 115/138 MP: 0/0
 56799 | Snake:2  | Learned a level 7 spell: Dragon Form
 56900 | Snake:2  | Found Rygaptu's Firing Range.
 57154 | Snake:2  | Reached skill level 1 in Unarmed Combat
 59072 | Snake:3  | Reached skill level 5 in Unarmed Combat
 59613 | Snake:3  | Identified the +10 dagger of Ownonkisu {holy, rPois rF+
                  | Str+5}
 59859 | Snake:4  | Entered Level 4 of the Snake Pit
 60058 | Snake:4  | Reached skill level 15 in Dodging
 60568 | Snake:4  | Noticed Bai Suzhen
 61348 | Snake:4  | Reached XP level 20. HP: 122/144 MP: 0/0
 62053 | Snake:4  | Reached skill level 16 in Dodging
 62165 | Snake:4  | Reached skill level 10 in Unarmed Combat
 62464 | Snake:4  | Got a serpentine rune of Zot
 62901 | D:8      | Killed nullcheck's ghost
 63182 | Orc:1    | Killed Stirner's ghost
 63439 | D:14     | Found a gate to the Vaults.
 63453 | Vaults:1 | Entered Level 1 of the Vaults
 63524 | Vaults:1 | Found Kacroang's General Store.
 63544 | Vaults:1 | Found a crumbling gateway.
 63566 | Desolati | Entered the Desolation of Salt
 65230 | Desolati | Found the +10 tower shield of Ignorance {rN+ Int-4}
 65765 | Desolati | Identified the +0 chain mail of Instinct {Int-3 Dex+2 SInv}
 65767 | Desolati | Identified the amulet "Roly" {Spirit +Inv rC+ Int+4 Stlth+}
 66637 | Vaults:1 | Reached skill level 15 in Spellcasting
 66892 | Vaults:1 | Reached XP level 21. HP: 93/152 MP: 0/0
 66892 | Vaults:1 | Learned a level 7 spell: Ozocubu's Refrigeration
 69188 | Vaults:2 | Reached skill level 15 in Armour
 69413 | Vaults:2 | Found a staircase to the Crypt.
 70436 | Vaults:2 | Noticed Mennas
 70492 | Vaults:2 | HP: 1/152 [centaur warrior/arrow (22)]
 70492 | Vaults:2 | Elyvilon protects you from harm!
 70494 | Vaults:2 | Mangled by Mennas

Illustrated notes

Levels and vault maps discovered:
D:1:      lemuel_arrival_cross, layout_basic
D:2:      layout_loops_corners, minmay_crystal_room
D:3:      layout_basic, nicolae_overflow_hidden_temple,
          kennysheep_cross_bottleneck
D:4:      layout_basic, serial_corexii_hall, corexii_hall_statues_x,
          chequers_hall_statues_y, chequers_hall_statues_corner_a,
          chequers_hall_statues_corner_a, kennysheep_generic_room_6,
          uniq_blork_the_orc
D:5:      layout_basic, yredelemnul_forgotten_temple_becter,
          lemuel_doored_altar, serial_shops, kennysheep_mini_moat,
          gammafunk_ghost_necromancy, chequers_decorated_corner, uniq_pikel
D:6:      layout_loops_cross, minmay_temple_entry_butterflies, minivault_25
D:7:      layout_loops_corners, uniq_crazy_yiuf_cottage, uniq_duvessa
D:8:      layout_loops_corners, makhleb_altar_promises_db,
          mainiacjoe_overflow_alcove_1, nicolae_overflow_crystal_walls,
          zin_scriptorium, gammafunk_ghost_arena, serial_shops, shop_statue
D:9:      layout_gridville, uniq_maurice
D:10:     layout_loops_ring, mainiacjoe_overflow_paths, erik_lair_island,
          gammafunk_ghost_wrathful_warriors, hangedman_corner_corridor
D:11:     minmay_evil_eye, layout_basic, orc_0_dummy, serial_glass,
          glass_columns_a, glass_columns_b, due_unseen_surprise
D:12:     minmay_the_grid_octo_tiled_squarecenter
          [minmay_the_grid_octo_concentric, minmay_the_grid_octo_shrine,
          minmay_the_grid_octo_fan_narrow, minmay_the_grid_octo_checkerflower,
          minmay_the_grid_square_5x5_megaprize_crossed,
          minmay_the_grid_square_5x5_shuriken,
          minmay_the_grid_square_5x5_shrine1, minmay_the_grid_square_5x5_bridge,
          minmay_the_grid_square_5x5_comb], layout_small_grid, serial_shops,
          nicolae_shop_real_fake_doors, hangedman_decor_lopped,
          kennysheep_cross_room
D:13:     layout_rooms, serial_shops, nicolae_shop_tiny_real_fake_doors,
          maelrawn_ghost_gauntlet_escape, uniq_josephine
D:14:     layout_stronghold, david_vaults_4, kiku_gazebo_garden_becter,
          grunt_ministairs_8
D:15:     hangedman_depths_entry_civil_slaughter, layout_loops_ring,
          moated_statue
Temple:   hellmonk_temple_beads
Lair:1:   layout_long_grid, uniq_nergalle
Lair:2:   layout_cave_pods, palyth_hydra_swamp_entry, basic_altar,
          serial_bayou_pond_d, st_stairs_13, serial_bayou_crossing, uniq_maggie
Lair:3:   layout_roguey, nicolae_snake_entry_squirm,
          lightli_volcano_entry_magma_tube, lemuel_fruit_fields
Lair:4:   layout_cave_pods, slime_entry_1, gauntlet_entry_generic,
          grunt_megastairs_4
Lair:5:   minmay_lair_end_frog_pond, layout_misc_corridors,
          grunt_forest_large_clearings, uniq_sonja
Swamp:1:  layout_basic_swamp, hangedman_swamp_cone
Swamp:2:  layout_basic_swamp, evilmike_swamp_ruin_rubble_2
Swamp:3:  layout_basic_swamp, portal_ice_cave_entry_pillars_three,
          hangedman_swamp_lotus, swamp_pool4, uniq_roxanne
Swamp:4:  byrel_swamp_growth_death_and_undeath, layout_basic_swamp
Snake:1:  layout_rooms
Snake:2:  layout_cave_town, nicolae_shop_firing_range, grunt_megastairs_3
Snake:3:  layout_misc_corridors
Snake:4:  grunt_snake_rune_spirals, layout_onion, uniq_bai_suzhen
Orc:1:    layout_diamond_mine, ebering_ghost_disaster_area
Orc:2:    grunt_orc_tribal_feast, layout_caves, special_room
Vaults:1: portal_desolation_entry_nicolae_nacl, nicolae_vaults_turnstiles,
          hangedman_vaults_snaps, nicolae_vaults_big_angled_halls,
          ontoclasm_vaults_tryst, vaults_mumra_bighexcomb, v_misc_27,
          grunt_vaults_funnel, v_misc_22, vaults_dpeg_emergency_exit,
          nicolae_vaults_house_2, vaults_dpeg_hooks, layout_vaults_ring,
          serial_shops, shop
Vaults:2: minmay_crypt_entry_simple_sparse, nicolae_vaults_network_quinsquares
          [nicolae_vaults_network_quincunx_subvault,
          nicolae_vaults_network_quincunx_subvault,
          nicolae_vaults_network_quincunx_subvault,
          nicolae_vaults_network_quincunx_subvault], v_rooms_5,
          vaults_room_pools, grunt_vaults_hallway_short,
          nicolae_vaults_what_the_h, nicolae_vaults_network_star,
          vaults_dpeg_diagonal, nicolae_vaults_octothorpe,
          nicolae_vaults_wrenched, vaults_standard_mumra_enter_the_diamond,
          nicolae_vaults_trapezoid_4, layout_vaults_maze_snakey, serial_shops,
          shop, uniq_mennas

Skill      XL: |  1  2  3  4  5  6  7  8  9 10 11 12 13 14 15 16 17 18 19 20 21 |
---------------+----------------------------------------------------------------+-----
Stealth        | 2 3 4 5 6 |  6.0
Dodging        | 3 4 5 6 8 10 11 12 13 14 15 16 | 16.0
Spellcasting   | 3 4 6 7 9 10 11 12 13 14 15 | 15.2
Fighting       | 1 2 3 5 6 8 10 11 12 13 14 | 14.0
Evocations     | 1 3 5 6 7 8 9 |  9.7
Armour         | 2 4 6 7 10 11 12 13 15 | 15.0
Shields        | 4 5 7 9 10 | 10.0
Invocations    | 3 5 7 8 9 |  9.2
Staves         | 3 7 9 |  9.1
Unarmed Combat | 8 10 12 | 12.0

Action                     |  1- 3 |  4- 6 |  7- 9 | 10-12 | 13-15 | 16-18 | 19-21 || total
---------------------------+-------+-------+-------+-------+-------+-------+-------++-------
  Melee: Unarmed           |     3 |       |       |       |       |     7 |   634 ||   644
         Whip              |       |       |     1 |    21 |    73 |    12 |       ||   107
         Staff             |       |       |       |       |       |    20 |    14 ||    34
         Tailslap          |       |       |       |       |       |       |    74 ||    74
         Bite              |       |       |       |       |       |       |    48 ||    48
         Punch             |       |       |       |       |       |       |    62 ||    62
  Throw: Dart              |       |       |       |       |       |     1 |       ||     1
   Cast: Foxfire           |    35 |    70 |   157 |    86 |    42 |    48 |       ||   438
         Necrotise         |     6 |     6 |       |     2 |       |       |       ||    14
         Scorch            |       |     5 |    29 |    19 |    13 |    16 |       ||    82
         Blink             |       |     2 |     2 |     1 |    17 |     7 |     2 ||    31
         Inner Flame       |       |       |     1 |       |       |       |       ||     1
         Stone Arrow       |       |       |    24 |   173 |   534 |   272 |    55 ||  1058
         Volatile Blastmot |       |       |     8 |     9 |     1 |     7 |       ||    25
         Flame Wave        |       |       |     2 |     4 |     1 |     8 |     2 ||    17
         Summon Ice Beast  |       |       |     2 |    23 |    97 |    63 |     1 ||   186
         Lee's Rapid Decon |       |       |       |       |    34 |   201 |    62 ||   297
         Statue Form       |       |       |       |       |     2 |     1 |     1 ||     4
         Iskenderun's Myst |       |       |       |       |       |   243 |   136 ||   379
         Storm Form        |       |       |       |       |       |     3 |    31 ||    34
         Dragon Form       |       |       |       |       |       |       |    24 ||    24
         Ozocubu's Refrige |       |       |       |       |       |       |    57 ||    57
 Invoke: Heal Self         |       |       |       |       |     2 |     7 |     6 ||    15
         Heal Other        |       |       |       |       |       |     2 |       ||     2
         Divine Vigour     |       |       |       |       |       |     1 |       ||     1
         Purification      |       |       |       |       |       |       |     1 ||     1
Ability: End Transformatio |       |       |       |       |       |     3 |    15 ||    18
         Blinkbolt         |       |       |       |       |       |     2 |     7 ||     9
         Breathe Fire      |       |       |       |       |       |       |     1 ||     1
         Evoke Invisibilit |       |       |       |       |       |       |     1 ||     1
  Evoke: Wand              |       |       |     4 |    20 |    10 |    50 |       ||    84
         Box of beasts     |       |       |       |       |       |       |     1 ||     1
         Phantom mirror    |       |       |       |       |       |       |     1 ||     1
    Use: Scroll            |       |     2 |     6 |     9 |    10 |     7 |     4 ||    38
         Potion            |       |       |       |     2 |     3 |     1 |     1 ||     7
   Stab: Distracted        |       |       |       |       |     4 |     4 |     1 ||     9
         Sleeping          |       |       |       |       |       |       |     3 ||     3
 Armour: Robe              |     5 |     5 |     7 |    24 |    11 |    29 |     6 ||    87
         Ring mail         |       |       |       |       |   117 |       |       ||   117
         Skin              |       |       |       |       |     7 |     5 |   152 ||   164
  Dodge: Dodged            |    31 |    42 |   119 |   172 |   550 |   450 |   763 ||  2127
  Block: Buckler           |       |       |       |    41 |   303 |   183 |    60 ||   587
